 Dungeon Crawl Stone Soup version 0.27.1-1-g398f81649c (webtiles) character file.

Game seed: 9641258704614410527

1565 larifari the Covert (level 9, -6/55 HPs)
             Began as a Kobold Delver on Sept 21, 2021.
             Was a Believer of Okawaru.
             Killed by the air
             ... invoked by Erica the wind drake
              (18 damage)
             ... on level 8 of the Dungeon.
             The game lasted 00:21:47 (8535 turns).

larifari the Covert (Kobold Delver)                 Turns: 8535, Time: 00:21:48

Health: -6/55      AC:  4    Str:  9    XL:     9   Next: 13%
Magic:  12/12      EV: 17    Int: 21    God:    Okawaru [**....]
Gold:   129        SH:  0    Dex: 16    Spells: 8/13 levels left

rFire    + . .     SeeInvis .   a - +0 short sword
rCold    . . .     Faith    .   (shield restricted)
rNeg     . . .     Spirit   .   j - +2 robe {rF+}
rPois    .         Reflect  .   (no helmet)
rElec    .         Harm     .   s - scarf {+Inv}
rCorr    .         Rampage  .   (no gloves)
Will     +....                  (no boots)
Stlth    +++++.....             (no amulet)
HPRegen  0.18/turn              e - ring of willpower
MPRegen  0.13/turn              q - +6 ring of intelligence

@: no status effects
A: small, no large weapons, nightstalker 3
a: Renounce Religion, Evoke Invisibility, Heroism


You were on level 8 of the Dungeon.
You worshipped Okawaru.
Okawaru was pleased with you.
You visited 2 branches of the dungeon, and saw 10 of its levels.

You collected 399 gold pieces.
You spent 270 gold pieces at shops.

Inventory:

Hand Weapons
 a - a +0 short sword (weapon)
 o - a +0 dagger
 t - the +6 scimitar of the Big Bang {freeze, rCorr MP+9 Str-2 Dex+6}
   (You bought it in a shop on level 5 of the Dungeon)

   It freezes those it strikes, dealing additional cold damage.
   It can also slow down cold-blooded creatures.
   Str:       It affects your strength (-2).
   Dex:       It affects your dexterity (+6).
   MP:        It affects your magic capacity (+9).
   rCorr:     It protects you from acid and corrosion.
Missiles
 f - 205 stones
 k - 12 poisoned darts (quivered)
 u - 6 bolts
Armour
 b - a +0 leather armour
 j - a +2 robe of fire resistance (worn)
 s - a scarf of invisibility (worn)
Jewellery
 e - a ring of willpower (left hand)
 q - a +6 ring of intelligence (right hand)
 r - a ring of magical power
Wands
 g - a wand of digging (3)
 l - a wand of polymorph (7)
Scrolls
 c - a scroll of fog
 i - a scroll of enchant armour
 m - 2 scrolls of teleportation
 p - 3 scrolls of immolation
Potions
 d - 4 potions of heal wounds
 h - 2 potions of magic
 n - a potion of curing
 v - a potion of haste
 w - a potion of degeneration {unknown}


   Skills:
 + Level 5.7 Fighting
 * Level 8.5 Short Blades
 - Level 0.2 Armour
 + Level 5.7 Dodging
 + Level 9.1 Stealth
 + Level 2.6 Spellcasting
 * Level 3.2 Hexes


You had 8 spell levels left.
You knew the following spells:

 Your Spells              Type           Power      Damage    Failure   Level
a - Slow                  Hex            16%        N/A       5%          2
b - Confusing Touch       Hex            16%        N/A       11%         3

Your spell library contained the following spells:

 Spells                   Type           Power      Damage    Failure   Level
 Magic Dart               Conj           8%         1d3       14%         1
 Call Imp                 Summ           2%         N/A       22%         2
 Mephitic Cloud           Conj/Pois/Air  2%         N/A       38%         3
 Yara's Violent Unravell  Hex/Tmut       4%         3d4       89%         5


Dungeon Overview and Level Annotations

Branches:
Dungeon (9/15)             Temple (1/1) D:5
   Lair: D:8-11         Orc: D:9-12

Altars:
Ashenzari
Cheibriados
Elyvilon
Fedhas
Gozag
Hepliaklqana
Kikubaaqudgha
Makhleb
Nemelex Xobeh
Okawaru
Qazlal
Ru
Sif Muna
Trog
Uskayaw
Vehumet
Wu Jian
Xom
Yredelemnul
Zin

Shops:
D:5 (

Annotations:
D:4 2 transporters, Menkaure
D:5 exclusion: sky beast
D:6 exclusion: deep elf zephyrmancer, Edmund
D:7 exclusion: wyvern
D:8 Erica


Innate Abilities, Weirdness & Mutations

You are small and have problems with some larger weapons.
You are completely attuned to the shadows.


Message History

You now have 111 gold pieces (gained 14).
p - 3 scrolls of immolation (gained 1)
There is a stone staircase leading up here.
You climb upwards.
There is a stone staircase leading down here.
You now have 129 gold pieces (gained 18).
Found a stone staircase leading down.
There is a stone staircase leading down here.
You climb downwards.
There is a stone staircase leading up here.
You climb upwards.
There is a stone staircase leading down here.
Found 20 arrows.
Found a stone staircase leading up.
Erica the Fiery-Tempered comes into view.
She is wielding a +1 scimitar of flaming.
The helpless Erica fails to defend herself.
You spit Erica like a pig!!!
Erica is almost dead.
Erica hits you with a +1 scimitar of flaming.
You hit Erica.
Erica is almost dead.
You hit Erica.
Erica is almost dead.
Erica casts a spell at you. The bolt of poison misses you.
You hit Erica.
Erica is almost dead.
Erica points at you and mumbles some strange words.
The lance of force hits you!!
You are knocked back by the lance of force.
You slam into the rock wall!
* * * LOW HITPOINT WARNING * * *
Found a stone staircase leading down.
Aiming: Polymorph
Press: ? - help, Shift-Dir - straight line, f - Erica
Aim: Erica, wielding a +1 scimitar of flaming and wearing a +0 robe (almost dead, will become a wind drake, a swamp dragon, or a jumping spider, chance to affect: 15%) Erica evaporates and reforms as a wind drake!
Erica flaps its wings at you. The air twists around and strikes you!!
You die...

......# >.....#
....... ###.....#
....<..@##
#....(..#
#.......####
#..........#
##k........# .##
##........#
...#####
#####.####
.#.....# ##.##
.......######...#


You could see Erica the wind drake.

Vanquished Creatures
  A steam dragon (D:6)
  A black bear (D:5)
  A sky beast (D:6)
  An ice beast (D:7)
  2 ogres
  3 scorpions
  2 bullfrogs
  A centaur zombie (D:6)
  An orc priest (D:5)
  5 hounds
  3 centaur skeletons
  Natasha (thrice) (D:2)
  3 iguanas
  An orc wizard (D:4)
  Terence (D:2)
  A hound skeleton (D:5)
  A howler monkey zombie (D:7)
  5 adders
  A shadow imp (D:7)
  An adder zombie (D:5)
  An adder skeleton (D:4)
  4 worms
  2 dart slugs
  7 orcs
  A bat skeleton (D:2)
  A bat zombie (D:2)
  4 endoplasms
  6 giant cockroaches
  4 goblins
  7 hobgoblins
  2 jackals (D:1)
  6 quokkas
  7 ball pythons
  A ball python skeleton (D:2)
  6 bats
  7 frilled lizards
  A jackal zombie (D:2)
  4 kobolds (D:1)
  2 quokka zombies (D:2)
  6 rats
117 creatures vanquished.

Vanquished Creatures (others)
  12 plants (D:5)
12 creatures vanquished.

Grand Total: 129 creatures vanquished

Notes
Turn   | Place    | Note
-------+----------+-------------------------------------------
     0 | D:5      | larifari the Kobold Delver began the quest for the Orb.
     0 | D:5      | Reached XP level 1. HP: 14/14 MP: 1/1
   180 | D:6      | Noticed Edmund
   215 | D:7      | Reached XP level 2. HP: 14/19 MP: 2/2
   325 | D:7      | Noticed an ice beast
   402 | D:6      | Noticed a bullfrog
   405 | D:6      | Killed a bullfrog
   406 | D:6      | Reached skill level 7 in Stealth
   406 | D:6      | Reached XP level 3. HP: 24/24 MP: 3/3
   406 | D:6      | Reached XP level 4. HP: 29/29 MP: 4/4
   421 | D:6      | Noticed a centaur
   474 | D:6      | Noticed a deep elf zephyrmancer
   755 | D:6      | Noticed a water moccasin
   895 | D:5      | Noticed a sky beast
   921 | D:5      | Found Fushru's Antique Weapon Shop.
  1046 | D:5      | Reached XP level 5. HP: 33/33 MP: 5/5
  1216 | D:5      | Reached skill level 5 in Short Blades
  1383 | D:5      | Reached XP level 6. HP: 38/38 MP: 6/6
  1383 | D:5      | Noticed an ogre
  1412 | D:5      | Killed an ogre
  1551 | D:5      | Found a staircase to the Ecumenical Temple.
  1552 | D:5      | Noticed a yak
  1553 | D:5      | Noticed a yak
  1555 | D:5      | Noticed a yak
  1556 | D:5      | Noticed a yak
  1557 | Temple   | Entered the Ecumenical Temple
  1701 | Temple   | Became a worshipper of Warmaster Okawaru
  2051 | D:3      | Found a broken altar of Ashenzari.
  2215 | D:2      | Noticed Terence
  2396 | D:1      | You fall into a shaft and drop 1 floor!
  2499 | D:2      | Noticed Natasha
  2503 | D:2      | Killed Natasha
  2504 | D:2      | Reached XP level 7. HP: 44/44 MP: 7/7
  3459 | D:2      | Noticed Natasha
  3471 | D:2      | Killed Natasha
  3472 | D:2      | Reached skill level 8 in Stealth
  3492 | D:2      | Noticed Natasha
  3510 | D:2      | Killed Natasha
  3866 | D:2      | Learned a level 2 spell: Slow
  3870 | D:2      | Learned a level 3 spell: Confusing Touch
  3997 | D:2      | Found a faded altar of an unknown god.
  4331 | D:2      | Killed Terence
  5064 | D:3      | Found a stormy altar of Qazlal.
  5545 | D:4      | Found a transporter.
  5569 | D:4      | Found a basalt altar of Yredelemnul.
  5571 | D:4      | Noticed Menkaure
  5573 | D:4      | Found an ancient bone altar of Kikubaaqudgha.
  5576 | D:4      | Found a transporter.
  5629 | D:4      | Reached skill level 5 in Fighting
  5629 | D:4      | Reached skill level 1 in Spellcasting
  5629 | D:4      | Reached skill level 1 in Hexes
  5629 | D:4      | Reached XP level 8. HP: 49/49 MP: 9/9
  5841 | D:4      | Reached skill level 5 in Dodging
  6372 | D:5      | Reached * piety under Okawaru
  7157 | D:5      | Bought a steaming scimitar for 270 gold pieces
  7157 | D:5      | Identified the +6 scimitar of the Big Bang {freeze, rCorr
                  | MP+9 Str-2 Dex+6} (You bought it in a shop on level 5 of
                  | the Dungeon)
  7211 | D:6      | Found a radiant altar of Vehumet.
  7435 | D:7      | Noticed a wyvern
  7548 | D:7      | Reached skill level 9 in Stealth
  7693 | D:7      | Reached XP level 9. HP: 54/54 MP: 12/12
  7772 | D:6      | Reached ** piety under Okawaru
  8527 | D:8      | Noticed Erica
  8535 | D:8      | Noticed Erica
  8535 | D:8      | Erica changed into Erica the wind drake
  8535 | D:8      | Killed from afar by Erica the wind drake

Illustrated notes

Levels and vault maps discovered:
D:1:      giann_horns, layout_basic
D:2:      layout_loops_corners, ebering_ecumenical_altar_hall, serial_undead,
          serial_undead_a, serial_undead_f, serial_undead_b, serial_undead_e,
          uniq_terence, uniq_natasha
D:3:      layout_basic, nicolae_overflow_hidden_temple,
          mainiacjoe_overflow_alcove_2, minmay_checkerbox
D:4:      layout_loops_cross, gammafunk_temple_of_torment
D:5:      layout_gridville, minmay_temple_entry_proselytizer, serial_shops,
          nicolae_diamond_shop, serial_bayou_ford_a, grunt_ministairs_12
D:6:      layout_loops_ring, amcnicky_altar_gilded, guppyfry_early_elven_hall,
          uniq_edmund, uniq_grinder
D:7:      layout_gridville
D:8:      gammafunk_boulding_lane, layout_rooms, uniq_erica
D:9:      layout_basic, uniq_erolcha, uniq_psyche
Temple:   regret_index_temple_generic_petals

Skill      XL: |  1  2  3  4  5  6  7  8  9 |
---------------+----------------------------+-----
Short Blades   | 3 4 5 6 7 8 |  8.5
Dodging        | 3 4 5 |  5.7
Stealth        | 7 8 9 |  9.1
Fighting       | 4 5 |  5.7
Spellcasting   | 1 2 |  2.6
Hexes          | 1 2 3 |  3.2
Armour         | |  0.2

Action                   |  1- 3 |  4- 6 |  7- 9 || total
-------------------------+-------+-------+-------++-------
Melee: Short sword       |    13 |   146 |   413 ||   572
Throw: Dart              |       |     1 |       ||     1
 Cast: Slow              |       |       |     1 ||     1
Evoke: Wand              |       |       |     1 ||     1
  Use: Scroll            |     1 |     5 |     4 ||    10
       Potion            |       |     1 |       ||     1
 Stab: Sleeping          |     3 |    13 |    39 ||    55
       Distracted        |       |       |     2 ||     2
Armor: Leather armour    |     1 |    30 |    20 ||    51
       Robe              |       |       |    33 ||    33
Dodge: Dodged            |     7 |    96 |   241 ||   344
